 Dungeon Crawl Stone Soup version 0.17.0-24-gcfadda4 (webtiles) character file.

218 Ivanskos the Shield-Bearer (level 5, -1/47 HPs)
             Began as a Minotaur Fighter on Nov 17, 2015.
             Was an Initiate of Nemelex Xobeh.
             Killed by static electricity
             ... invoked by an insubstantial wisp
             ... summoned by the player character
              (3 damage)
             ... on level 4 of the Dungeon.
             The game lasted 00:15:19 (2199 turns).

Ivanskos the Shield-Bearer (Minotaur Fighter)       Turns: 2199, Time: 00:15:20

Health: -1/47      AC:  9    Str: 21    XL:     5   Next: 63%
Magic:  4/4        EV:  8    Int:  5    God:    Nemelex Xobeh [......]
Gold:   206        SH: 10    Dex: 10    Spells: 0 memorised, 4 levels left

rFire  . . .     SeeInvis .     n - +0 long sword
rCold  + . .     Clarity  .     b - +0 scale mail
rNeg   . . .     SustAt   .     c - +0 shield
rPois  .         Gourm    .     (helmet restricted)
rElec  .         Spirit   .     (no cloak)
rCorr  .         Warding  .     (no gloves)
rMut   .         Stasis   .     (no boots)
MR     .....                    (no amulet)
Stlth  ..........               l - ring of protection from cold
                                (no ring)

@: stone skin, not resistant to hostile enchantments, extremely unstealthy
A: retaliatory headbutt, horns 2
a: Renounce Religion


You were on level 4 of the Dungeon.
You worshipped Nemelex Xobeh.
Nemelex Xobeh was noncommittal.
You were not hungry.

You visited 1 branch of the dungeon, and saw 4 of its levels.

You collected 206 gold pieces.

Inventory:

Hand Weapons
 n - a +0 long sword (weapon)
Armour
 b - a +0 scale mail (worn)
 c - a +0 shield (worn)
Jewellery
 l - a ring of protection from cold (right hand)
Wands
 h - a wand of slowing (20)
Scrolls
 f - 4 scrolls of identify
Potions
 a - a potion of curing {unknown}
 d - a potion of might
 e - a potion of beneficial mutation {unknown}
 i - a potion of agility {unknown}
 j - a potion of magic {unknown}
 m - a potion of cancellation
Miscellaneous
 g - a plain deck of war {drawn: 3}
Comestibles
 o - 2 bread rations


   Skills:
 * Level 4.7 Fighting
 + Level 3.4 Long Blades
 + Level 5.0 Armour
 - Level 1.4 Dodging
 + Level 5.1 Shields


You had 4 spell levels left.
You didn't know any spells.

Dungeon Overview and Level Annotations

Branches:
Dungeon (4/15)
 Temple: D:4-7

Altars:
Ashenzari
Nemelex Xobeh

Annotations:
D:4 Edmund


Innate Abilities, Weirdness & Mutations

You reflexively headbutt those who attack you in melee.
You have a pair of horns on your head.


Message History

Unknown command.
You closely miss Edmund.
Edmund is heavily wounded.
You block Edmund's attack. The insubstantial wisp hits you.
* * * LOW HITPOINT WARNING * * *
The insubstantial wisp hits you.
* * * LOW HITPOINT WARNING * * *
Edmund hits you but does no damage.
You hit Edmund but do no damage.
Edmund is heavily wounded.
The insubstantial wisp hits you.
* * * LOW HITPOINT WARNING * * *
The insubstantial wisp hits you.
* * * LOW HITPOINT WARNING * * *
The insubstantial wisp blinks!
You block Edmund's attack.
You swap places.
Your insubstantial wisp thrums sharply.
You are struck by lightning.
You die...
Your body disappears without a glow.

##.....#
#.....##
#.....#
#.....####
#.........
#v......#.
####v.#.#.##
#..vv......#
#..@.@....(.
#...........
#..........#
#..........#
#..........#
#..........#
#..........#
###########


You could see Edmund, 2 insubstantial wisps and a friendly insubstantial wisp.

Vanquished Creatures
  A scorpion (D:3)
  An orc priest (D:3)
  5 adders
  A gnoll (D:1)
  3 worms
  5 orcs (D:3)
  3 ball pythons
  9 bats
  3 giant cockroaches
  7 goblins
  8 hobgoblins
  5 jackals
  8 kobolds
  A quokka (D:2)
  A giant newt (D:1)
  A jackal skeleton (D:4)
  A quokka skeleton (D:4)
  17 rats
80 creatures vanquished.

Notes
Turn   | Place    | Note
--------------------------------------------------------------
     0 | D:1      | Ivanskos the Minotaur Fighter began the quest for the Orb.
     0 | D:1      | Reached XP level 1. HP: 19/19 MP: 0/0
    86 | D:1      | Reached skill level 4 in Armour
    86 | D:1      | Reached XP level 2. HP: 25/27 MP: 1/1
   583 | D:1      | Reached XP level 3. HP: 33/33 MP: 2/2
   985 | D:2      | Reached skill level 1 in Dodging
  1091 | D:2      | Found a shattered altar of Ashenzari.
  1102 | D:2      | Reached XP level 4. HP: 40/40 MP: 3/3
  1601 | D:3      | Reached skill level 5 in Shields
  1621 | D:3      | Found a sparkling altar of Nemelex Xobeh.
  1647 | D:3      | Reached XP level 5. HP: 45/47 MP: 4/4
  1661 | D:3      | Became a worshipper of Nemelex Xobeh the Trickster
  1704 | D:3      | Received a gift from Nemelex Xobeh
  1964 | D:3      | Reached skill level 5 in Armour
  2182 | D:4      | Noticed Edmund
  2191 | D:4      | Noticed an insubstantial wisp
  2191 | D:4      | Noticed an insubstantial wisp
  2191 | D:4      | Noticed an insubstantial wisp
  2198 | D:4      | HP: 2/47 [insubstantial wisp[the player character] (5)]
  2199 | D:4      | Killed from afar by an insubstantial wisp

Action                   |  1- 3 |  4- 6 || total
-------------------------+-------+-------++-------
Melee: Long sword        |    94 |   109 ||   203
Evoke: Deck              |       |     3 ||     3
  Use: Scroll            |       |     6 ||     6
  Eat: Bread ration      |       |     1 ||     1
